 Dungeon Crawl Stone Soup version 0.21.1-1-g345015f (webtiles) character file.

60 inc the Conjurer (level 3, -7/14 HPs)
             Began as a Felid Conjurer on Feb 20, 2018.
             Killed from afar by Natasha (9 damage)
             ... with a wand of flame (15)
             ... on level 3 of the Dungeon.
             The game lasted 00:07:56 (3042 turns).

inc the Conjurer (Felid Conjurer)                   Turns: 3042, Time: 00:07:57

Health: -7/14      AC:  1    Str:  4    XL:     3   Next: 80%
Magic:  7/7        EV: 18    Int: 17    God:
Gold:   111        SH:  0    Dex: 16    Spells: 3/6 levels left
                                        Lives:  0   Deaths: 1

rFire    . . .     SeeInvis +   (weapon unavailable)
rCold    . . .     Gourm    .   (shield unavailable)
rNeg     . . .     Faith    .   (armour unavailable)
rPois    .         Spirit   .   (helmet unavailable)
rElec    .         Reflect  .   (cloak unavailable)
rCorr    .         Harm     .   (gloves unavailable)
MR       .....                  (boots unavailable)
Stlth    +++.......             (no amulet)
HPRegen  0.04/turn              (no ring)
MPRegen  0.10/turn              (no ring)

@: quick
A: very small, no armour, no weapons or thrown items, stealth, claws 1, fangs 3,
see invisible, carnivore, speed 1, shaggy fur 1, slow metabolism 1, sharp paws
a: no special abilities


You were on level 3 of the Dungeon.
You were not hungry.

You visited 1 branch of the dungeon, and saw 3 of its levels.

You collected 111 gold pieces.

Inventory:

Jewellery
 e - a +4 ring of slaying {unknown}
Scrolls
 c - a scroll of amnesia {unknown}
 d - 3 scrolls of identify
 g - 3 scrolls of blinking {unknown}
 h - 2 scrolls of fog {unknown}
 m - a scroll of immolation {unknown}
 n - a scroll of fear {unknown}
Potions
 f - 2 potions of curing
 j - a potion of heal wounds {unknown}
 k - a potion of might {unknown}
 l - a potion of agility
Books
 a - a book of Conjurations

   Spells                             Type                      Level
   a - Magic Dart                     Conjuration                  1
   b - Searing Ray                    Conjuration                  2
   c - Dazzling Spray                 Conjuration/Hexes            3
   d - Fulminant Prism                Conjuration/Hexes            4
   e - Force Lance                    Conjuration/Translocation    4
   f - Iskenderun's Mystic Blast      Conjuration                  4
 i - a book of Changes

   Spells                             Type                      Level
   a - Beastly Appendage              Transmutation                1
   b - Sticks to Snakes               Transmutation                2
   c - Spider Form                    Transmutation/Poison         3
   d - Ice Form                       Ice/Transmutation            4
   e - Blade Hands                    Transmutation                5
Comestibles
 b - 4 rations


   Skills:
 - Level 2.7 Dodging
 - Level 2.8 Stealth
 - Level 2.0 Spellcasting
 + Level 5.6 Conjurations


You had 3 spell levels left.
You knew the following spells:

 Your Spells              Type           Power        Failure   Level  Hunger
a - Magic Dart            Conj           ###.         1%          1    #......
b - Searing Ray           Conj           ###...       3%          2    ###....


Dungeon Overview and Level Annotations

Branches:
Dungeon (3/15)

Altars:
Vehumet

Annotations:
D:2 Sigmund
D:3 Natasha


Innate Abilities, Weirdness & Mutations

You cannot wear armour.
You are incapable of wielding weapons or throwing items.
Your paws allow you to move quietly. (Stealth)
You have sharp claws.
You have razor-sharp teeth.
You have supernaturally acute eyesight. (SInv)
You are carnivorous and can eat meat at any time.
You cover ground quickly.
You are covered in fur. (AC +1)
You have a slow metabolism.
Your sharp claws are effective at attacking unaware monsters.


Message History

The magic dart hits the frilled lizard.
You kill the frilled lizard!
You see here a frilled lizard corpse.
Found a radiant altar of Vehumet.
Magic restored.
Natasha, Servant of Life and Death comes into view.
Natasha hisses angrily.
Natasha drinks a potion.
Natasha suddenly seems more agile.
Natasha casts a spell at you. The magic dart hits you!
Ouch! That really hurt!
Casting: Magic Dart
Confirm with . or Enter, or press ? or * to list all spells.
You can't see any susceptible monsters within range! (Use Z to cast anyway.) Natasha zaps a wand.
The puff of flame hits you!
* * * LOW HITPOINT WARNING * * *
It is a wand of flame (15).
Natasha zaps a wand.
The puff of flame hits you!
Ouch! That really hurt!
You die...

.... .....#8...[.8#.. ...###
........ #...# #.....#### .....
......####...# #8...8##.. ...#
#.....#......## ##>## #.. ...####
#.....#.....<(#########..
......###.....#......###........[
......#.......'........†.........
......#.......#....#####.........
$.%...#.......#.@......#.....#.##
#....[..(..#.................#.#
#[.........#.................#.#
#...................w........#.#
#........h.......#########...#.#
####................######...#+##
###...###.....................
#....#######.........†......
#....# #..................


You could see Natasha and a dart slug.

Vanquished Creatures
  Natasha (D:3)
  2 adders (D:3)
  An ooze (D:1)
  A worm (D:3)
  A dart slug (D:3)
  2 leopard geckos
  3 orcs (D:3)
  3 giant cockroaches
  6 goblins
  6 hobgoblins
  8 jackals
  9 bats
  3 frilled lizards
  8 kobolds
  7 rats
61 creatures vanquished.

Notes
Turn   | Place    | Note
-------+----------+-------------------------------------------
     0 | D:1      | inc the Felid Conjurer began the quest for the Orb.
     0 | D:1      | Reached XP level 1. HP: 7/7 MP: 4/4
    95 | D:1      | Reached skill level 4 in Conjurations
    95 | D:1      | Reached XP level 2. HP: 8/11 MP: 0/6
   768 | D:1      | Reached XP level 3. HP: 14/14 MP: 1/7
  1934 | D:2      | Noticed Sigmund
  2079 | D:3      | Reached skill level 5 in Conjurations
  2125 | D:3      | Reached XP level 4. HP: 7/18 MP: 0/8
  2284 | D:3      | Learned a level 2 spell: Searing Ray
  2789 | D:3      | Noticed Natasha
  2846 | D:3      | Killed Natasha
  2908 | D:3      | Killed from afar by a dart slug
  2909 | D:3      | Reached XP level 3. HP: -1/14 MP: 7/7
  3006 | D:3      | Found a radiant altar of Vehumet.
  3035 | D:3      | Noticed Natasha
  3042 | D:3      | Killed from afar by Natasha

Skill      XL: |  1  2  3 |
---------------+----------+-----
Conjurations   | 4 5 |  5.6
Dodging        | |  2.7
Stealth        | |  2.8
Spellcasting   | |  2.0

Action                   |  1- 3 |  4- 6 || total
-------------------------+-------+-------++-------
Melee: Unarmed           |    67 |     2 ||    69
       Bite              |     8 |       ||     8
 Cast: Magic Dart        |    87 |    12 ||    99
       Searing Ray       |     2 |     6 ||     8
  Use: Scroll            |       |     1 ||     1
 Stab: Sleeping          |     2 |       ||     2
  Eat: Chunk             |    11 |     1 ||    12
Armor: Skin              |    10 |     2 ||    12
Dodge: Dodged            |    92 |    11 ||   103
